 Dungeon Crawl Stone Soup version 0.31-a0-1236-gaa9e43cceb (webtiles) character file.

Game seed: 1716877283772380294

241056 Ge0ff the Markskobold (level 20, -18/142 HPs)
             Began as a Kobold Chaos Knight on Dec 15, 2023.
             Was a High Priest of Okawaru.
             Blown up by an orb spider (39 damage)
             ... with an orb of destruction
             ... on level 4 of the Spider Nest on Dec 17, 2023.
             The game lasted 01:52:56 (54211 turns).

Ge0ff the Markskobold (Kobold Chaos Knight)        Turns: 54211, Time: 01:52:56

Health: -18/142    AC: 31    Str: 14    XL:     20   Next: 60%
Magic:  0/31       EV: 25    Int: 16    God:    Okawaru [*****.]
Gold:   3393       SH:  0    Dex: 17    Spells: 19/19 levels left

rFire   + . .        a - +7 arbalest (drain)
rCold   . . .        (shield currently unavailable)
rNeg    + . .        A - +16 Cigotuvi's embrace {Corpsefed rMiasma ^Drain rN+}
rPois   .            Q - +1 helmet of Emmufuipp {Rampage rF+ Str-4 Int+3}
rElec   .            M - +0 cloak
rCorr   .            U - +2 pair of gloves of Kaoceg {Fly Will+}
SInv    +            L - +2 pair of boots {rampage}
Will    ++...        c - amulet of guardian spirit
Stlth   +++++        G - +5 ring of evasion {=R}
HPRegen 0.43/turn    D - ring of see invisible
MPRegen 0.22/turn

%: guardian spirit, rampage
@: flying
A: small, no large weapons, nightstalker 3, hooves 1, iridescent scales 1,
clumsy 1, deformed body, strong 2
}: 1/15 runes: barnacled
a: Renounce Religion, Heroism, Finesse, Duel


You were on level 4 of the Spider Nest.
You worshipped Okawaru.
Okawaru was extremely pleased with you.
You visited 6 branches of the dungeon, and saw 31 of its levels.
You also visited: Sewer, Gauntlet and Ice Cave.

You collected 3778 gold pieces.
You spent 385 gold pieces at shops.

Inventory:

Hand Weapons
 a - a +7 arbalest of draining (weapon)
 b - a +2 orcbow of electrocution
 x - the +6 quick blade "Myegun" {distort, SInv}
   (Okawaru gifted it to you on level 13 of the Dungeon)

   SInv:      It lets you see invisible.
 O - a +5 rapier of electrocution
Missiles
 g - 2 throwing nets {=F}
 h - 4 darts of dispersal
 v - 4 curare-tipped darts {=F}
 S - 53 boomerangs
Armour
 w - the +0 helmet "Qoiq" {rElec}
   (You found it on level 1 of the Shoals)

   rElec:     It insulates you from electricity.
 A - the +16 Cigotuvi's embrace (worn) {Corpsefed rMiasma ^Drain rN+}
   (You found it on level 1 of the Shoals)

   Corpsefed: It gathers nearby corpses to temporarily increase the armour it
   provides.
   rMiasma:   It protects you from foul pestilence.
   rN+:       It protects you from negative energy.
   ^Drain:    It drains your maximum health when unequipped.
 L - a +2 pair of boots of rampaging (worn)
 M - a +0 cloak (worn)
 Q - the +1 helmet of Emmufuipp (worn) {Rampage rF+ Str-4 Int+3}
   (You found it on level 3 of the Dungeon)

   Str-4:     It affects your strength (-4).
   Int+3:     It affects your intelligence (+3).
   rF+:       It protects you from fire.
   Rampage:   It bestows one free step when moving towards enemies.
 U - the +2 pair of gloves of Kaoceg (worn) {Fly Will+}
   (You found it in a Gauntlet)

   Will+:     It increases your willpower.
   Fly:       It grants you flight.
 Y - a scarf of resistance
Jewellery
 c - an amulet of guardian spirit (around neck)
 e - a ring of willpower
 k - a ring of poison resistance
 t - a ring of protection from cold
 D - a ring of see invisible (right hand)
 G - a +5 ring of evasion (left hand) {=R}
 I - an amulet of regeneration
Wands
 f - a wand of flame (89)
 j - a wand of acid (20)
 p - a wand of paralysis (10)
 r - a wand of roots (7)
 s - a wand of mindburst (1)
 P - a wand of polymorph (5)
Scrolls
 i - 2 scrolls of identify
 m - a scroll of revelation
 y - 3 scrolls of immolation
 B - 4 scrolls of blinking
 C - a scroll of poison
 E - 2 scrolls of fear
 F - 2 scrolls of fog
 T - 19 scrolls of teleportation
 V - 6 scrolls of vulnerability
Potions
 o - 10 potions of ambrosia
 q - 9 potions of curing
 u - a potion of mutation {!q}
 z - 2 potions of brilliance
 H - 5 potions of haste {!q}
 K - a potion of magic {!q}
 N - 3 potions of cancellation {!q}
 R - 5 potions of resistance
 W - 2 potions of heal wounds {!q}
 X - 4 potions of enlightenment
 Z - a potion of berserk rage {!q}
Miscellaneous
 l - a lightning rod (4/4)
 n - a phial of floods (inert)


   Skills:
 - Level 20.5 Fighting
 - Level 10.0 Short Blades
 - Level 20.9 Ranged Weapons
 + Level 4.1 Throwing
 + Level 10.3 Armour
 + Level 10.7 Dodging
 - Level 10.0 Stealth
 - Level 15.0 Invocations
 - Level 15.0 Evocations


You had 19 spell levels left.
You didn't know any spells.
Your spell library contained the following spells:

 Spells                   Type           Power      Damage    Failure   Level
 Magic Dart               Conj           0%         1d3       30%         1
 Necrotise                Necr           0%         1d4       30%         1
 Slow                     Hex            0%         N/A       30%         1
 Ensorcelled Hibernation  Hex/Ice        0%         N/A       41%         2
 Passwall                 Tmut/Erth      0%         N/A       41%         2
 Searing Ray              Conj           0%         2d4       41%         2
 Wereblood                Tmut           0%         N/A       41%         2
 Frozen Ramparts          Ice            0%         1d1       65%         3
 Inner Flame              Hex/Fire       0%         N/A       65%         3
 Swiftness                Air            0%         N/A       65%         3
 Vampiric Draining        Necr           0%         2d6       65%         3
 Volatile Blastmotes      Fire/Tloc      0%         2d10      65%         3
 Dimensional Bullseye     Hex/Tloc       0%         N/A       96%         4
 Fulminant Prism          Conj/Hex       0%         3d5       96%         4
 Iskenderun's Mystic Bla  Conj/Tloc      0%         2d3       96%         4
 Petrify                  Tmut/Erth      0%         N/A       96%         4
 Agony                    Necr           0%         N/A       100%        5
 Alistair's Intoxication  Tmut/Pois      0%         N/A       100%        5
 Borgnjor's Vile Clutch   Necr/Erth      0%         N/A       100%        5
 Irradiate                Conj/Tmut      0%         3d11      100%        5
 Metabolic Englaciation   Hex/Ice        0%         N/A       100%        5
 Yara's Violent Unravell  Hex/Tmut       0%         3d3       100%        5
 Eringya's Noxious Bog    Tmut/Pois      0%         4d6       100%        6
 Enfeeble                 Hex            0%         N/A       100%        7
 Ozocubu's Refrigeration  Ice            0%         4d7       100%        7
 Polar Vortex             Ice            0%         N/A       100%        9
 Simulacrum               Ice/Necr       Unusable   N/A       N/A         6

Dungeon Overview and Level Annotations

Branches:
Dungeon (15/15) Zot: 25044  Temple (1/1) D:6 Zot: 5959    Lair (5/5) D:11 Zot: 21179
 Shoals (4/4) Lair:3 Zot: 15348  Spider (4/4) Lair:2 Zot: 15402   Slime (0/5) Lair:4
    Orc (2/2) D:12 Zot: 9882     Elf (0/3) Orc:2        Vaults (0/5) D:13
 Depths (0/4) D:15          Sewer (visited)           IceCv (visited)
Gauntlet (visited)

Altars:
Ashenzari
Cheibriados
Dithmenos
Elyvilon
Fedhas
Gozag
Hepliaklqana
Kikubaaqudgha
Makhleb
Nemelex Xobeh
Okawaru
Qazlal
Ru
Sif Muna
Trog
Uskayaw
Vehumet
Wu Jian
Xom
Yredelemnul
Zin
The Shining One
Jiyva

Shops:
D:10 [   D:12 =   Orc:2 :!:(   Shoals:3 (

Annotations:
D:13 6 runed translucent doors (tin), exclusion: 6 doors
Spider:2 3 runed translucent doors, nitefall's ghost, adept MiBe


Innate Abilities, Weirdness & Mutations

You are small and have problems with some larger weapons.
You are completely attuned to the shadows.
You have large cloven feet.
You are partially covered in iridescent scales. (AC +2)
You are clumsy. (Dex -2)
Armour fits poorly on your strangely shaped body.
Your muscles are very strong. (Str +8, Int/Dex -2)


Message History

The culicivora bites you but does no damage.
You shoot a bolt. The bolt barely misses the culicivora.
The culicivora misses you.
You shoot a bolt. The bolt hits the culicivora!!
You kill the culicivora!
Okawaru accepts your kill.
The orb spider weaves a glowing orb of energy.
An orb of destruction comes into view.
You shoot a bolt. The bolt hits the wolf spider!!
The wolf spider is heavily wounded.
The wolf spider hits you but does no damage.
The wolf spider completely misses you.
The orb spider weaves a glowing orb of energy.
The wolf spider hits you but does no damage.
The wolf spider bites you but does no damage.
An orb of destruction comes into view.
You shoot a bolt. The bolt hits the wolf spider!
You drain the wolf spider.
The wolf spider is almost dead.
The orb of destruction hits you!!! The wolf spider closely misses you.
The wolf spider completely misses you.
You are too injured to fight recklessly!
You are too injured to fight recklessly!
The wolf spider hits you! The wolf spider misses you.
The orb of destruction hits you!!!
* * * LOW HITPOINT WARNING * * *
The wolf spider completely misses you.
The wolf spider bites you but does no damage.
You feel much better.
The orb spider spins a strand of pure energy.
The wolf spider completely misses you.
The wolf spider bites you but does no damage.
Fire: a) +7 arbalest (drain)
Press: ? - help, Q - select action, (/) - cycle Shift-Dir - straight line, f/p - wolf spider
Aim: a wolf spider (severely wounded, lightly drained, 77% to hit)
You shoot a bolt.
The bolt closely misses the wolf spider.
The wolf spider hits you!
* * * LOW HITPOINT WARNING * * *
The wolf spider misses you. The wolf spider completely misses you.
The wolf spider misses you.
The orb spider weaves a glowing orb of energy.
An orb of destruction comes into view.
The wolf spider misses you.
The wolf spider bites you but does no damage.
The orb spider spins a strand of pure energy.
A chunk of your corpse armour falls away.
The wolf spider misses you. The wolf spider completely misses you.
The wolf spider misses you. The wolf spider completely misses you.
The orb of destruction hits you!!!
You die...

..^..○°......### ##...#
......s.....#.^# #...##
^^.^.^.^^...#..#####..#
....^...s.^#...^.#....#
#..^....^^#^.(.#.......#
.##..^^.##.............#
###.##s○○.......?...^#
#.......s○#^.........#
.^....##..@...#.
....).#^.^..#.^
..........#...#
.##..#...^#...^
#####.....###


You could see a wolf spider (drained) and an orb spider.

Vanquished Creatures
  Arachne (Arena)
  Rupert (D:15)
  Kirke (D:15)
  Frances (D:14)
  Gastronok (D:11)
  The ghost of Toskicku the Marksant, an adept FoHu of Okawaru (Shoals:1)
  Agnes (D:15)
  A frost giant (IceCv)
  Donald (Shoals:3)
  2 emperor scorpions
  6 ghost moths
  2 broodmothers (Spider:3)
  Azrael (D:15)
  A minotaur (Gauntlet)
  A merfolk javelineer (Shoals:4)
  4 merfolk impalers
  Josephine (Lair:3)
  11 entropy weavers
  Harold (Lair:1)
  A vault guard (D:13)
  8 hydras
  A rakshasa (D:14)
  Erolcha (Orc:1)
  2 ogre magi (Orc:2)
  10 boulder beetles
  A two-headed ogre (shapeshifter) (D:15)
  2 anacondas (Lair:4)
  A jorogumo (Arena)
  A catoblepas (Lair:1)
  3 merfolk avatars
  4 two-headed ogres
  4 merfolk aquamancers
  A dancing weapon (D:13)
  7 radroaches
  9 centaur warriors
  22 death yaks
  An alligator snapping turtle (Shoals:4)
  5 tengu warriors
  2 satyrs
  2 hell hogs (Lair:5)
  7 demonic crawlers
  Nergalle (Orc:2)
  4 skysharks
  6 pharaoh ants
  2 sun moths
  10 sea snakes
  3 skeletal warriors (D:14)
  6 orb spiders
  A deep elf archer (D:14)
  4 steelbarb worms
  The ghost of Ratslayer the Spear-Bearer, a novice MiBe of Trog (D:5)
  A necromancer (Gauntlet)
  An orc knight (D:14)
  A lindwurm (Lair:5)
  A deep elf pyromancer (D:13)
  19 harpies
  9 orc sorcerers
  9 fauns
  7 cyclopes
  21 manticores
  26 ugly things
  30 wolf spiders
  16 merfolk sirens
  2 moths of wrath
  13 elephants
  An ice statue (IceCv)
  9 black mambas
  Joseph (D:10)
  2 kobold blastminers (Orc:2)
  2 molten gargoyles (Lair:5)
  5 water nymphs
  11 cane toads
  4 torpor snails
  A freezing wraith (D:13)
  6 rime drakes
  3 unseen horrors
  14 komodo dragons
  4 kobold demonologists
  2 tengu conjurers
  A queen bee (Spider:3)
  26 merfolk
  12 meliai
  9 wind drakes
  9 polar bears
  7 trolls
  41 tarantellas
  10 dream sheep
  6 snapping turtles
  23 blink frogs
  A slime creature (shapeshifter) (D:14)
  14 slime creatures
  6 flying skulls (Gauntlet)
  49 jumping spiders
  30 culicivoras
  2 water elementals
  2 vampires
  Eustachio (D:4)
  5 wraiths
  6 hogs (D:15)
  6 fire elementals (D:15)
  5 wyverns
  7 basilisks
  71 yaks
  6 steam dragons
  2 wargs
  Menkaure (D:7)
  63 redbacks
  5 vampire mosquitoes
  6 hell hounds
  20 water moccasins
  4 ice beasts
  15 orc warriors
  3 black bears
  14 ogres
  12 centaurs
  17 wolves
  A wolf (shapeshifter) (D:14)
  2 kobold brigands
  3 phantoms
  18 bullfrogs
  A bullfrog (shapeshifter) (D:14)
  A gnoll sergeant (D:12)
  2 necrophages (Sewer)
  4 scorpions
  9 wights
  A water moccasin skeleton (D:5)
  28 killer bees
  5 howler monkeys
  A centaur zombie (D:5)
  3 bullfrog zombies (D:5)
  5 lava snakes (Lair:5)
  A centaur skeleton (D:5)
  4 gnoll boudas
  5 hounds
  5 jellies
  24 orc priests
  Crazy Yiuf (D:5)
  3 sleepcaps
  37 orc wizards
  Natasha (thrice) (D:3)
  Ijyb (D:5)
  3 iguanas
  7 hell rats (Lair:3)
  A hound zombie (D:5)
  A hound skeleton (D:5)
  26 gnolls
  5 adders
  3 shadow imps
  A white imp (D:6)
  6 ufetubi
  4 worms
  4 dart slugs
  72 orcs
  3 bats
  8 endoplasms
  4 giant cockroaches
  7 goblins
  9 hobgoblins
  4 jackals (D:4)
  7 quokkas
  13 ball pythons
  3 frilled lizards
  30 kobolds
  A kobold zombie (Sewer)
  3 rats
1303 creatures vanquished.

Vanquished Creatures (others)
  A culicivora (Spider:2)
  An orc wizard (Orc:2)
  An orc (Orc:1)
3 creatures vanquished.

Grand Total: 1306 creatures vanquished

Notes
Turn   | Place    | Note
-------+----------+-------------------------------------------
     0 | D:1      | Ge0ff the Kobold Chaos Knight began the quest for the Orb.
     0 | D:1      | Reached XP level 1. HP: 14/14 MP: 1/1
     0 | D:1      | Fell from the grace of Xom
   119 | D:1      | Reached skill level 1 in Stealth
   301 | D:1      | Reached XP level 2. HP: 18/19 MP: 2/2
   529 | D:1      | Reached XP level 3. HP: 19/23 MP: 3/3
   551 | D:1      | Reached skill level 1 in Armour
   641 | D:1      | XOM: draining
   944 | D:1      | XOM: give mutations
   944 | D:1      | Gained mutation: You have an increased reservoir of magic.
                  | (+10% MP) [Xom's mischief]
   944 | D:1      | Gained mutation: You occasionally lose the ability to read
                  | scrolls when taking damage. [Xom's mischief]
  1276 | D:1      | XOM: summons 4 hostile shadow creatures
  2697 | D:2      | Reached XP level 4. HP: 25/27 MP: 4/4
  2827 | D:2      | XOM: give mutations
  2827 | D:2      | Gained mutation: You have a pair of small horns on your
                  | head. [Xom's mischief]
  2827 | D:2      | Gained mutation: Your body sometimes deteriorates upon
                  | taking damage. [Xom's mischief]
  2827 | D:2      | Gained mutation: You are clumsy. (Dex -2) [Xom's mischief]
  2876 | D:2      | XOM: summons 4 hostile shadow creatures
  3010 | D:2      | Found a faded altar of an unknown god.
  3699 | D:3      | Noticed Natasha
  3705 | D:3      | Killed Natasha
  3706 | D:3      | Reached skill level 5 in Short Blades
  3962 | D:3      | Reached XP level 5. HP: 33/33 MP: 5/5
  3964 | D:3      | Identified the +1 helmet of Emmufuipp {Rampage rF+ Str-4
                  | Int+3}
  4114 | D:2      | XOM: give mutations
  4114 | D:2      | Gained mutation: Your spells are a little harder to cast,
                  | but a little more powerful. [Xom's mischief]
  4114 | D:2      | Gained mutation: You do not regenerate when monsters are
                  | visible. [Xom's mischief]
  4114 | D:2      | Lost mutation: You have an increased reservoir of magic.
                  | (+10% MP) [Xom's mischief]
  4208 | D:2      | XOM: scenery: summon butterflies
  5048 | D:3      | Noticed Natasha
  5056 | D:3      | Killed Natasha
  5136 | D:3      | XOM: blink monster(s)
  5248 | D:3      | XOM: give mutation
  5248 | D:3      | Gained mutation: Armour fits poorly on your strangely
                  | shaped body. [Xom's mischief]
  5450 | D:3      | Noticed Natasha
  5454 | D:3      | Killed Natasha
  5455 | D:3      | Reached XP level 6. HP: 32/39 MP: 6/6
  5697 | D:3      | XOM: give mutations
  5697 | D:3      | Lost mutation: Armour fits poorly on your strangely shaped
                  | body. [Xom's mischief]
  5697 | D:3      | Gained mutation: You are very clumsy. (Dex -4) [Xom's
                  | mischief]
  5888 | D:3      | Reached skill level 5 in Fighting
  6846 | D:3      | XOM: give mutations
  6846 | D:3      | Lost mutation: Your body sometimes deteriorates upon taking
                  | damage. [Xom's mischief]
  6846 | D:3      | Lost mutation: You are very clumsy. (Dex -4) [Xom's
                  | mischief]
  6846 | D:3      | Lost mutation: You do not regenerate when monsters are
                  | visible. [Xom's mischief]
  7065 | D:4      | Reached skill level 1 in Evocations
  7065 | D:4      | Reached XP level 7. HP: 43/44 MP: 7/7
  7156 | D:4      | Found a glowing drain.
  7173 | Sewer    | XOM: noise
  7173 | Sewer    | Entered a sewer
  7197 | Sewer    | XOM: stat loss: -3 Int (10/14)
  7491 | Sewer    | XOM: summons 13 hostile demons
  7492 | Sewer    | Noticed a hellwing
  7492 | Sewer    | Noticed a neqoxec
  7492 | Sewer    | Noticed a chaos spawn
  7492 | Sewer    | Noticed a smoke demon
  7500 | Sewer    | Reached skill level 5 in Dodging
  7875 | Sewer    | Found an ancient bone altar of Kikubaaqudgha.
  7938 | Sewer    | Reached skill level 1 in Throwing
  8159 | Sewer    | XOM: stat loss: -2 Dex (12/14)
  8502 | Sewer    | Found an ancient bone altar of Kikubaaqudgha.
  8590 | Sewer    | XOM: stat loss: -3 Int (10/14)
  8865 | D:4      | Reached skill level 5 in Evocations
  8919 | D:4      | Reached XP level 8. HP: 30/49 MP: 8/8
  9100 | D:4      | Noticed Eustachio
  9138 | D:4      | Killed Eustachio
  9275 | D:4      | XOM: give mutations
  9275 | D:4      | Gained mutation: Armour fits poorly on your strangely
                  | shaped body. [Xom's mischief]
  9275 | D:4      | Gained mutation: Your muscles are strong. (Str +4, Int/Dex
                  | -1) [Xom's mischief]
  9477 | D:4      | XOM: give mutations
  9477 | D:4      | Gained mutation: You occasionally lose the ability to drink
                  | potions when taking damage. [Xom's mischief]
  9477 | D:4      | Lost mutation: Your spells are a little harder to cast, but
                  | a little more powerful. [Xom's mischief]
  9477 | D:4      | Lost mutation: You have a pair of small horns on your head.
                  | [Xom's mischief]
  9477 | D:4      | Gained mutation: You have hidden genetic potential. [Xom's
                  | mischief]
  9529 | D:4      | XOM: scenery: summon butterflies
  9591 | D:4      | XOM: stat loss: -1 Dex (11/13)
  9591 | D:4      | Was forgiven by Xom
  9597 | D:5      | Entered Level 5 of the Dungeon
  9885 | D:5      | Found a shimmering blue altar of Sif Muna.
 10003 | D:5      | Found a glowing golden altar of the Shining One.
 10027 | D:5      | Found a runed translucent gate.
 10027 | D:5      | Found a runed translucent gate.
 10172 | D:5      | Found a runed translucent gate.
 10203 | D:5      | Reached XP level 9. HP: 55/55 MP: 9/9
 10315 | D:5      | Found a runed translucent door.
 10318 | D:5      | Noticed Crazy Yiuf
 10323 | D:5      | Killed Crazy Yiuf
 10432 | D:5      | Reached skill level 5 in Stealth
 10504 | D:5      | Noticed Ratslayer's ghost (novice MiBe)
 10537 | D:5      | Killed Ratslayer's ghost
 10544 | D:5      | Gained mutation: You have large cloven feet. [hidden
                  | potential]
 10720 | D:5      | Found a shimmering blue altar of Sif Muna.
 11006 | D:5      | Noticed Ijyb
 11010 | D:5      | Killed Ijyb
 11068 | D:5      | Found a glowing golden altar of the Shining One.
 11384 | D:6      | Reached skill level 10 in Short Blades
 11463 | D:6      | Found a staircase to the Ecumenical Temple.
 11479 | Temple   | Entered the Ecumenical Temple
 11499 | Temple   | Became a worshipper of Warmaster Okawaru
 11868 | D:6      | Reached XP level 10. HP: 48/63 MP: 10/10
 11895 | D:6      | Reached skill level 1 in Invocations
 12236 | D:6      | Reached * piety under Okawaru
 12296 | D:6      | Gained mutation: You are partially covered in iridescent
                  | scales. (AC +2) [hidden potential]
 12296 | D:6      | Lost mutation: You have hidden genetic potential. [hidden
                  | potential expressed]
 12508 | D:7      | Noticed Menkaure
 12514 | D:7      | Killed Menkaure
 12786 | D:7      | Reached ** piety under Okawaru
 13371 | D:7      | Reached skill level 10 in Fighting
 13398 | D:7      | Noticed a two-headed ogre
 13402 | D:7      | Killed a two-headed ogre
 13402 | D:7      | Reached *** piety under Okawaru
 13403 | D:7      | Reached XP level 11. HP: 39/72 MP: 13/13
 14023 | D:8      | Noticed a boulder beetle
 14032 | D:8      | Killed a boulder beetle
 14032 | D:8      | Reached **** piety under Okawaru
 14033 | D:8      | Reached skill level 5 in Armour
 14033 | D:8      | Reached skill level 5 in Invocations
 14277 | D:8      | Found a blossoming altar of Fedhas.
 14596 | D:8      | Identified the +4 hand axe "Cufemen" {freeze, rPois rF+
                  | rN+}
 15233 | D:9      | Found a transporter.
 15235 | D:9      | Found a transporter.
 15236 | D:9      | Noticed a boulder beetle
 15259 | D:9      | Killed a boulder beetle
 15764 | D:9      | Noticed a two-headed ogre
 15765 | D:9      | Killed a two-headed ogre
 15765 | D:9      | Reached ***** piety under Okawaru
 16014 | D:10     | Entered Level 10 of the Dungeon
 16037 | D:10     | Noticed a two-headed ogre
 16039 | D:10     | Killed a two-headed ogre
 16040 | D:10     | Reached XP level 12. HP: 80/80 MP: 17/17
 16054 | D:10     | Noticed Joseph
 16056 | D:10     | Killed Joseph
 16697 | D:10     | Found Exatuc's Armour Emporium.
 16938 | D:11     | Found a gate leading to a gauntlet.
 16956 | D:11     | Reached skill level 1 in Ranged Weapons
 16975 | Gauntlet | Entered a Gauntlet
 16981 | Gauntlet | Found a transporter.
 17035 | Gauntlet | Found a transporter.
 17044 | Gauntlet | Noticed a great orb of eyes
 17044 | Gauntlet | Noticed a death yak
 17045 | Gauntlet | Noticed a death yak
 17076 | Gauntlet | Found a transporter.
 17076 | Gauntlet | Found a transporter.
 17076 | Gauntlet | Noticed a tengu warrior
 17090 | Gauntlet | Found a transporter.
 17141 | Gauntlet | Found a transporter.
 17142 | Gauntlet | Noticed a death yak
 17145 | Gauntlet | Noticed a death yak
 17152 | Gauntlet | Noticed a death yak
 17154 | Gauntlet | Noticed a death yak
 17163 | Gauntlet | Found a transporter.
 17163 | Gauntlet | Found a transporter.
 17190 | Gauntlet | Found a transporter.
 17190 | Gauntlet | Found a transporter.
 17332 | Gauntlet | Killed a tengu warrior
 17332 | Gauntlet | Received a gift from Okawaru
 17338 | Gauntlet | Reached skill level 10 in Evocations
 17401 | Gauntlet | Reached skill level 5 in Ranged Weapons
 17508 | Gauntlet | Killed a death yak
 17512 | Gauntlet | Killed a death yak
 17521 | Gauntlet | Killed a death yak
 17527 | Gauntlet | Killed a death yak
 17532 | Gauntlet | Killed a death yak
 17541 | Gauntlet | Killed a death yak
 17548 | Gauntlet | Reached skill level 10 in Ranged Weapons
 17590 | Gauntlet | Identified the +2 pair of gloves of Kaoceg {Fly Will+}
 17625 | Gauntlet | Noticed a minotaur
 17635 | Gauntlet | Killed a minotaur
 17636 | Gauntlet | Reached XP level 13. HP: 83/84 MP: 15/18
 17776 | D:11     | Found a staircase to the Lair.
 17882 | D:11     | Noticed Gastronok
 17891 | D:11     | Killed Gastronok
 18528 | Lair:1   | Entered Level 1 of the Lair of Beasts
 18531 | Lair:1   | Noticed Harold
 18540 | Lair:1   | Killed Harold
 18793 | Lair:1   | Noticed a catoblepas
 18812 | Lair:1   | Killed a catoblepas
 18812 | Lair:1   | Received a gift from Okawaru
 19668 | Lair:2   | Found a hole to the Spider Nest.
 19761 | Lair:2   | Received a gift from Okawaru
 20303 | Lair:2   | Reached ****** piety under Okawaru
 20997 | Lair:3   | Found a staircase to the Shoals.
 21097 | Lair:3   | Noticed Josephine
 21103 | Lair:3   | Killed Josephine
 21363 | Lair:3   | Reached XP level 14. HP: 94/94 MP: 19/19
 21375 | Lair:3   | Acquired the +5 scale mail "Lecw" {Str+4 Dex+4}
 21375 | Lair:3   | Received a gift from Okawaru
 21508 | Lair:3   | Reached skill level 15 in Ranged Weapons
 21819 | Lair:3   | Received a gift from Okawaru
 22977 | Lair:4   | Found a viscous altar of Jiyva.
 22979 | Lair:4   | Found a staircase to the Slime Pits.
 23390 | Lair:4   | Received a gift from Okawaru
 23540 | Lair:4   | Identified the +2 ring mail of the Snake Pit {*Corrode Fly
                  | rPois rN+}
 24158 | Lair:5   | Entered Level 5 of the Lair of Beasts
 24616 | Lair:4   | Received a gift from Okawaru
 24728 | Lair:5   | Reached XP level 15. HP: 63/101 MP: 13/20
 24825 | Lair:5   | Reached skill level 15 in Fighting
 25291 | Lair:5   | Received a gift from Okawaru
 27098 | Lair:5   | Found a large runed translucent door.
 27100 | Lair:5   | Found a large runed translucent door.
 28034 | D:12     | Found Noudo's Jewellery Emporium.
 28039 | D:12     | Bought a ring of protection from cold for 250 gold pieces
 28354 | D:12     | Found a staircase to the Orcish Mines.
 28361 | D:12     | Received a gift from Okawaru
 28562 | Orc:1    | Entered Level 1 of the Orcish Mines
 28665 | Orc:1    | Found a frozen archway.
 28690 | IceCv    | Entered an ice cave
 29384 | IceCv    | Noticed a frost giant
 29408 | IceCv    | Reached XP level 16. HP: 101/110 MP: 18/21
 29632 | IceCv    | Received a gift from Okawaru
 29722 | IceCv    | Killed a frost giant
 29784 | Orc:1    | Noticed Erolcha
 29798 | Orc:1    | Killed Erolcha
 30089 | Orc:2    | Entered Level 2 of the Orcish Mines
 31217 | Orc:2    | Found a staircase to the Elven Halls.
 31442 | Orc:2    | Found Leiss's Antique Weapon Emporium.
 31476 | Orc:2    | Found an ancient bone altar of Kikubaaqudgha.
 31483 | Orc:2    | Noticed Nergalle
 31494 | Orc:2    | Killed Nergalle
 31561 | Orc:2    | Found a radiant altar of Vehumet.
 31675 | Orc:2    | Found Kolu's Book Shoppe.
 31692 | Orc:2    | Found Zevici Dacw's Book Emporium.
 31719 | Orc:2    | Found Itejedif's Distillery.
 31748 | Orc:2    | Bought a potion of berserk rage for 75 gold pieces
 31748 | Orc:2    | Bought a potion of brilliance for 60 gold pieces
 31938 | D:13     | Lost mutation: You occasionally lose the ability to drink
                  | potions when taking damage. [potion of mutation]
 31938 | D:13     | Lost mutation: You occasionally lose the ability to read
                  | scrolls when taking damage. [potion of mutation]
 31938 | D:13     | Gained mutation: Your muscles are very strong. (Str +8,
                  | Int/Dex -2) [potion of mutation]
 32154 | D:13     | Received a gift from Okawaru
 32812 | D:13     | Found a gate to the Vaults.
 33074 | D:13     | Found a runed translucent gate.
 33074 | D:13     | Found a runed translucent gate.
 33077 | D:13     | Found a runed translucent gate.
 33102 | D:13     | Noticed a storm dragon
 33153 | D:13     | Found a runed translucent gate.
 33153 | D:13     | Found a runed translucent gate.
 33153 | D:13     | Found a runed translucent gate.
 33250 | D:13     | Noticed a tengu reaver
 33254 | D:13     | Acquired the +6 quick blade "Myegun" {distort, SInv}
 33254 | D:13     | Received a gift from Okawaru
 33331 | D:14     | Noticed Frances
 33346 | D:14     | Killed Frances
 33346 | D:14     | Received a gift from Okawaru
 33688 | D:14     | Found a runed translucent door.
 33750 | D:14     | Reached XP level 17. HP: 74/120 MP: 13/22
 34713 | D:14     | Identified the +0 plate armour "Nuqy" {Rampage rN+ Str+2}
 34741 | D:15     | Entered Level 15 of the Dungeon
 34793 | D:15     | Noticed Agnes
 34801 | D:15     | Killed Agnes
 34801 | D:15     | Received a gift from Okawaru
 35026 | D:15     | Noticed Rupert
 35035 | D:15     | Killed Rupert
 35249 | D:15     | Noticed Nessos
 35250 | D:15     | Nessos changed into Nessos the troll
 35250 | D:15     | Noticed Nessos
 35252 | D:15     | Killed Nessos the troll
 35502 | D:15     | Found a staircase to the Depths.
 35582 | D:15     | Noticed Kirke
 35600 | D:15     | Killed Kirke
 35601 | D:15     | Reached skill level 10 in Stealth
 35928 | D:15     | Found an ancient bone altar of Kikubaaqudgha.
 35961 | D:15     | Noticed Azrael
 35974 | D:15     | Killed Azrael
 36406 | D:15     | Received a gift from Okawaru
 36753 | Shoals:1 | Entered Level 1 of the Shoals
 37145 | Shoals:1 | Found the +4 Cigotuvi's embrace {Corpsefed rMiasma ^Drain
                  | rN+}
 37405 | Shoals:1 | Found a runed translucent gate.
 37405 | Shoals:1 | Found a runed translucent gate.
 37405 | Shoals:1 | Found a runed translucent gate.
 37408 | Shoals:1 | Noticed Toskicku's ghost (adept FoHu)
 38415 | Shoals:1 | Reached XP level 18. HP: 93/128 MP: 18/24
 38575 | Shoals:1 | Killed Toskicku's ghost
 38818 | Shoals:1 | Identified the +0 helmet "Qoiq" {rElec}
 40702 | Shoals:2 | Identified the +0 leather armour of Kikubaaqudgha's Envy
                  | {Regen+}
 42196 | Shoals:3 | Noticed Donald
 42211 | Shoals:3 | Killed Donald
 42559 | Shoals:3 | Found Jirex's Antique Weapon Emporium.
 42921 | Shoals:4 | Entered Level 4 of the Shoals
 43193 | Shoals:4 | Received a gift from Okawaru
 43509 | Shoals:4 | Reached skill level 10 in Dodging
 43718 | Shoals:4 | Got Sif Muna's Volume of the Polar Whammy
 44195 | Shoals:4 | Reached skill level 10 in Invocations
 44264 | Shoals:4 | Got a barnacled rune of Zot
 44360 | Shoals:4 | Identified the staff of the Wheel {^Drain rF+++ rC+ Stlth+
                  | Tmut Ice}
 45012 | Shoals:4 | Reached XP level 19. HP: 135/135 MP: 24/26
 45536 | Spider:1 | Entered Level 1 of the Spider Nest
 46565 | Spider:1 | Received a gift from Okawaru
 48603 | Spider:2 | Received a gift from Okawaru
 48649 | Spider:2 | Reached skill level 10 in Armour
 49864 | Spider:2 | Found a runed translucent gate.
 49875 | Spider:2 | Found a runed translucent gate.
 49876 | Spider:2 | Found a runed translucent gate.
 50407 | Spider:2 | Identified the +4 sling of the Final Dreams {heavy, Str-3
                  | Int+4 Dex+4 Stlth+}
 50612 | Spider:2 | Noticed nitefall's ghost (adept MiBe)
 50832 | Spider:3 | Reached skill level 15 in Evocations
 51021 | Spider:3 | Received a gift from Okawaru
 51168 | Spider:3 | Reached XP level 20. HP: 141/142 MP: 29/29
 52480 | Spider:4 | Entered Level 4 of the Spider Nest
 52579 | Spider:4 | Received a gift from Okawaru
 52657 | Arena    | Entered the Arena
 52665 | Arena    | Paralysed by a jorogumo for 3 turns
 53097 | Spider:4 | Reached skill level 15 in Invocations
 53121 | Spider:4 | Noticed Arachne
 53124 | Arena    | Entered the Arena
 53145 | Arena    | Killed Arachne
 54211 | Spider:4 | Blown up by an orb spider

Illustrated notes

Levels and vault maps discovered:
D:1:      ncdulo_halloftheorcs, layout_loops_ring
D:2:      layout_loops_corners, shapermc_ecumenical_altar_hornbeckon
D:3:      layout_basic, nicolae_grassy_gnolls, uniq_natasha
D:4:      layout_rooms, portal_sewer_entry_a, uniq_eustachio
D:5:      layout_cave_pools, lemuel_round_altar, tso_oasis_becter,
          gammafunk_ghost_necromancy, serial_undead, serial_undead_c,
          serial_undead_c, serial_undead_c, serial_undead_e,
          uniq_crazy_yiuf_cottage, uniq_ijyb
D:6:      nicolae_cairo_tiling_large_dashed, layout_cave_pools, temple_statues,
          minmay_joined_circles
D:7:      layout_loops_ring, kennysheep_another_room, uniq_menkaure
D:8:      layout_basic, mainiacjoe_overflow_alcove_2, st_stairs_9
D:9:      gammafunk_boulding_lane, layout_irregular_city,
          kennysheep_generic_room_13
D:10:     layout_loops_ring, serial_shops, shop, minmay_misc_feat_five,
          uniq_joseph
D:11:     layout_roguey, lair_entry_dummy, gauntlet_entry_generic,
          uniq_gastronok
D:12:     layout_basic, hiddenorc1_lemuel, serial_shops, shop_fountains
D:13:     kennysheep_treasure_stockpile, layout_loops_ring, erik_vaults_1
D:14:     layout_layer_cave, ebering_dispersal_statue_hall, lightli_airlock,
          uniq_frances
D:15:     hangedman_depths_entry_try_elsewhere_first, layout_long_grid,
          nicolae_kikubaaqudgha_miasma_corner, uniq_nessos, uniq_azrael,
          uniq_kirke, uniq_agnes, uniq_rupert
Temple:   hellmonk_temple_of_storms
Lair:1:   layout_chaotic_city, grunt_megastairs_1, uniq_harold
Lair:2:   layout_cave_pods, dummy_spider_entry
Lair:3:   layout_hall_layers, shoals_dummy_entry, serial_bayou_shore_b,
          grunt_megastairs_2, uniq_josephine
Lair:4:   beast_lair_carwin_large_3, layout_gridlike, minmay_slime_entry_pillars
Lair:5:   cheibrodos_lair_end_hotspot, layout_loops_ring, serial_bayou_shore_b
Shoals:1: layout_shoals, gammafunk_ghost_tricky_traps,
          nicolae_shoals_drake_roost
Shoals:2: layout_shoals
Shoals:3: layout_shoals, serial_shops, shop, uniq_donald
Shoals:4: shoals_end_hangedman, layout_shoals
Spider:1: layout_cave_pods, hangedman_spider_tarantella_strand
Spider:2: nicolae_spider_mines_2, gammafunk_ghost_split
Spider:3: layout_chambers, special_room [special_room_bee]
Spider:4: grunt_spider_rune_circles, nicolae_arachne_temple
Orc:1:    layout_caves, portal_ice_cave_entry_pillars_1, basic_altar,
          uniq_erolcha
Orc:2:    kennysheep_orc_mage_school, layout_diamond_mine

Skill      XL: |  1  2  3  4  5  6  7  8  9 10 11 12 13 14 15 16 17 18 19 20 |
---------------+-------------------------------------------------------------+-----
Stealth        | 2 3 4 6 7 8 9 10 | 10.0
Armour         | 1 2 3 4 5 7 8 9 10 | 10.3
Fighting       | 4 5 7 10 11 13 14 16 18 19 20 | 20.5
Short Blades   | 5 7 10 | 10.0
Dodging        | 4 5 6 7 8 10 | 10.7
Evocations     | 1 5 7 9 10 11 12 15 | 15.0
Throwing       | 1 2 4 |  4.1
Invocations    | 3 7 8 10 13 15 | 15.0
Ranged Weapons | 10 14 17 20 | 20.9

Action                     |  1- 3 |  4- 6 |  7- 9 | 10-12 | 13-15 | 16-18 | 19-21 || total
---------------------------+-------+-------+-------+-------+-------+-------+-------++-------
  Melee: Short sword       |   109 |   162 |   204 |       |       |       |       ||   475
         Punch             |     1 |     4 |     7 |    11 |       |       |       ||    23
         Headbutt          |       |    20 |    46 |       |       |       |       ||    66
         Rapier            |       |       |   187 |   510 |  1486 |   406 |       ||  2589
   Fire: Orcbow            |       |       |       |       |       |   246 |       ||   246
         Arbalest          |       |       |       |       |       |   975 |  1044 ||  2019
  Throw: Stone             |     3 |     4 |    38 |    12 |       |       |       ||    57
         Throwing net      |       |       |       |     2 |     2 |     3 |     4 ||    11
         Boomerang         |       |       |       |       |    75 |    25 |       ||   100
         Dart              |       |       |       |       |       |     4 |       ||     4
 Invoke: Renounce Religion |     1 |       |       |       |       |       |       ||     1
         Heroism           |       |       |       |     5 |    14 |     8 |     4 ||    31
         Finesse           |       |       |       |     2 |     1 |    10 |     2 ||    15
         Receive Armour    |       |       |       |       |     1 |       |       ||     1
         Receive Weapon    |       |       |       |       |       |     1 |       ||     1
         Duel              |       |       |       |       |       |       |     2 ||     2
  Evoke: Wand              |       |     3 |       |     7 |    21 |    12 |    21 ||    64
         Phial of floods   |       |       |       |       |     1 |     2 |     1 ||     4
         Lightning rod     |       |       |       |       |       |     7 |     8 ||    15
    Use: Scroll            |       |    10 |     7 |     5 |    11 |    12 |     8 ||    53
         Potion            |       |       |       |     4 |     7 |     2 |     4 ||    17
   Stab: Sleeping          |     4 |     4 |    13 |    22 |    48 |     9 |       ||   100
         Distracted        |       |     2 |     2 |     1 |     3 |     2 |       ||    10
         Invisible         |       |       |       |    14 |     1 |       |       ||    15
         Paralysed         |       |       |       |     4 |     6 |       |       ||    10
         Held in net/web   |       |       |       |     1 |       |     2 |       ||     3
 Armour: Scale mail        |    40 |    66 |   112 |    48 |   416 |   351 |       ||  1033
         Ring mail         |       |       |       |    74 |    82 |       |       ||   156
         Leather armour    |       |       |       |       |       |   168 |   513 ||   681
  Dodge: Dodged            |    46 |    73 |   341 |   288 |   978 |   955 |  1337 ||  4018
  Block: Buckler           |       |       |       |       |   292 |    94 |       ||   386

Table legend: (Time is in decaauts)
 A = Elapsed time spent in this place.
 B = Non-inter-level travel time spent in this place.
 C = Inter-level travel time spent in this place.
 D = Time resting spent in this place.
 E = Time spent auto-exploring this place.
 F = Levels seen in this place.
 G = Mean time per level.
                   A        B        C        D        E       F      G
               +--------+--------+--------+--------+--------+-----+--------+
         Total |  53247 |  51271 |   1976 |   5700 |  35696 |  36 | 1479.1 |
       Dungeon |  21704 |  20812 |    892 |   2804 |  14538 |  15 | 1446.9 |
        Temple |     40 |      3 |     37 |      0 |      0 |   1 |   40.0 |
          Lair |   8820 |   8352 |    468 |    175 |   6489 |   5 | 1764.0 |
        Shoals |   8651 |   8375 |    276 |    435 |   6738 |   4 | 2162.8 |
   Spider Nest |   8596 |   8437 |    159 |   1507 |   5081 |   4 | 2149.0 |
  Orcish Mines |   2117 |   1975 |    142 |      0 |   1334 |   2 | 1058.5 |
         Sewer |   1638 |   1638 |      0 |    681 |    656 |   1 | 1638.0 |
      Ice Cave |    989 |    989 |      0 |      4 |    574 |   1 |  989.0 |
      Gauntlet |    616 |    616 |      0 |     83 |    285 |   1 |  616.0 |
         Arena |     72 |     72 |      0 |     10 |      0 |   2 |   36.0 |
               +--------+--------+--------+--------+--------+-----+--------+

Top non-repeatable levels by time:
Spider:1: 3674 daAuts
     D:3: 3196 daAuts
Shoals:1: 3127 daAuts
  Lair:5: 2785 daAuts
Shoals:4: 2417 daAuts
     D:2: 2393 daAuts
    D:15: 1881 daAuts
  Lair:3: 1841 daAuts
Spider:3: 1799 daAuts
  Lair:4: 1681 daAuts
Spider:4: 1665 daAuts
Shoals:2: 1642 daAuts
   Sewer: 1638 daAuts
     D:5: 1596 daAuts
Shoals:3: 1464 daAuts
